AoeStats
← tr3tr2tr1

Arena

508934505Analyzed
1v1 RM · 6d ago on Sep 24, 2026· 52m 37s· 2 players
Game mode
Random Map
Map size
Tiny (2 player)
Population
200
Speed
Normal
Resources
Standard
Victory
Conquest
Starting age
Dark Age
Ending age
Imperial Age
RankedLock teamsTeams togetherTeam positionsShared explorationLock speedFull tech treeHidden civsTurbo modeCheats
Victory
Defeat
🇹🇷 Khmer · Türkiye
568
+14
🇹🇷 Britons · Türkiye
515
-14
tr3tr2tr1
11:48 Feudal Age
12:16 Double-Bit Axe
12:13 Horse Collar
19:00 Castle Age
17:40 Gold Mining
20:03 Bow Saw
22:50 Gold Shaft Mining
22:18 Heavy Plow
22:57 Stone Mining
24:35 Scale Barding Armor
26:35 Husbandry
28:14 Stone Shaft Mining
27:55 Town Watch
28:59 Tusk Swords
29:20 Town Patrol
32:36 Wheelbarrow
33:28 Wheelbarrow
37:06 Imperial Age
35:40 Hand Cart
36:30 Ballistics
38:40 Chain Barding Armor
38:31 Forging
38:14 Heavy Scorpion
38:33 Cavalier
40:45 Chemistry
40:48 Iron Casting
40:12 Elite Ballista Elephant
42:57 Blast Furnace
42:56 Plate Barding Armor
cukulata09
9:26 Feudal Age
9:29 Loom
10:46 Wheelbarrow
10:03 Double-Bit Axe
10:45 Horse Collar
21:08 Castle Age
19:48 Fletching
20:49 Gold Mining
20:51 Stone Mining
21:26 Elite Skirmisher
22:40 Heavy Plow
23:51 Gold Shaft Mining
24:04 Bow Saw
25:17 Ballistics
26:14 Bodkin Arrow
27:28 Hand Cart
30:27 Squires
29:47 Pikeman
33:35 Imperial Age
33:29 Masonry
33:15 Murder Holes
33:38 Halberdier
35:20 Fortified Wall
39:06 Chemistry
38:37 Architecture
40:45 Bracer
41:54 Elite Longbowman
42:45 Elite Longbowman
Connection lost

Rejoining the realm…

Still unreachable

The connection could not be restored.

Session expired

The server has moved on; the page needs a fresh start.